Unix NetHack Version 5.0.0-0 post-release - last build May 31 2026 23:59:36 (970b52f25bf058293b47ddfd14a1e40e571c508c,branch:main).

Game began 2026-06-07 12:00:11, ended 2026-06-07 12:58:42.

DiePARTEI, chaotic male human Tourist

                                ------ --------
                                |...`---...>|<|
                                |..00%.....-|^|
                                |.0.0.|000.||^|
                                |.....|....||%|
                                |----.------|^|
                                |......|    |^|
                                |.....0------^|
                                |.......^.q@.^|
                                |......-----..|
                                --------   ----

DiePARTEI the Excursionist  St:18/05 Dx:15 Co:16 In:13 Wi:8 Ch:18  Chaotic
Dlvl:8  $:446 HP:0(50) Pw:37(37) AC:-5 Xp:7 T:12736  Burdened

Latest messages:
 You hear a boulder fall.
 With great effort you move the boulder.
 With great effort you move the boulder.
 The boulder suddenly rolls away from you!
 You hear a boulder fall.
 What do you want to eat? [SV or ?*] ?
 This fortune cookie is delicious!
 This cookie has a scrap of paper inside.
 It reads:
 They say that teleport traps are the devil's work.
 With great effort you move the boulder.
 With great effort you move the boulder.
 The boulder suddenly rolls away from you!
 You hear a boulder fall.
 Click!  You trigger a rolling boulder trap!
 No boulder was released.
 Really step into that pit? [yn] (n) y
 Air currents pull you down into a pit!
 There is a pit here.
 You see here a pancake.
 There is a pancake here; eat it? [ynq] (n) y
 Blecch!  Rotten food!
 You are still in a pit.
 You are still in a pit.
 You crawl to the edge of the pit.
 There is a banana here; eat it? [ynq] (n) y
 This banana is delicious!
 You have a little trouble lifting x - a scroll labeled LEP GEX VEN ZEA.
 You see here a scroll labeled LEP GEX VEN ZEA.
 You have a little trouble lifting P - a scroll labeled LEP GEX VEN ZEA.
 What do you want to call? [fhsvxMP or ?*] x
 Call a scroll labeled LEP GEX VEN ZEA: earth
 The mumak butts!
 The mumak bites!
 You miss the mumak.
 In what direction? 4
 The dart misses the mumak.
 The mumak misses!
 The mumak misses!
 In what direction? 4
 The dart hits the mumak!
 In what direction? 4
 The dart misses the mumak.
 The mumak butts!
 You die...
 Do you want your possessions identified? [ynq] (y) y
 Do you want to see your attributes? [ynq] (y) y
 Do you want an account of creatures vanquished? [ynaq] (y) y
 Do you want to see your conduct and achievements? [ynq] (y) y
 Do you want to see the dungeon overview? [ynq] (y) y

Inventory:
 Coins    ('$')
  $ - 446 gold pieces
 Amulets  ('"')
  t - an uncursed amulet of unchanging (being worn)
 Weapons  (')')
  a - 23 +2 darts (at the ready)
  X - 27 +0 darts
  J - the fireproof +3 Sting
  D - the rustproof +5 Ogresmasher
  r - the rustproof +2 Trollsbane
 Armor    ('[')
  g - an uncursed +2 orcish helm (being worn)
  F - an uncursed +0 pair of leather gloves (being worn)
  y - an uncursed +0 shield of drain resistance (being worn)
  Z - a blessed +2 robe (being worn)
  l - an uncursed +0 Hawaiian shirt with a giant eel motif (being worn)
  E - an uncursed +0 banded mail (being worn)
 Comestibles  ('%')
  S - an uncursed lizard corpse
 Scrolls  ('?')
  W - an uncursed scroll of blank paper
  n - an uncursed scroll of charging
  L - 3 uncursed scrolls of confuse monster
  c - an uncursed scroll of create monster
  x - a blessed scroll of earth
  P - an uncursed scroll of earth
  C - an uncursed scroll of enchant armor
  B - 3 uncursed scrolls of enchant weapon
  A - an uncursed scroll of gold detection
  q - a cursed scroll of identify
  o - an uncursed scroll of light
  k - a blessed scroll of magic mapping
  j - 3 uncursed scrolls of magic mapping
  Y - a blessed scroll of remove curse
  w - an uncursed scroll of remove curse
  U - a blessed scroll of teleportation
  K - an uncursed scroll of teleportation
 Spellbooks  ('+')
  R - an uncursed spellbook of healing
 Potions  ('!')
  i - an uncursed potion of confusion
  T - an uncursed potion of gain level
  e - an uncursed potion of invisibility
  b - a blessed potion of see invisible
  O - an uncursed potion of sleeping
  I - a cursed potion of speed
  z - a potion of unholy water
 Rings    ('=')
  h - an uncursed ring of conflict
  s - an uncursed ring of conflict
  u - an uncursed ring of warning
 Wands    ('/')
  M - a cursed wand of striking (0:5)
  v - a wand of teleportation (0:7)
 Tools    ('(')
  N - an uncursed blindfold
  m - an expensive camera (0:95)
  p - a cursed magic lamp
  H - a +0 pick-axe
  G - an uncursed skeleton key
 Gems/Stones  ('*')
  f - an uncursed amethyst stone

DiePARTEI the Tourist's attributes:

Background:
 You were an Excursionist, a level 7 male human Tourist.
 You were chaotic, belatedly on a mission for Offler
 who was opposed by Blind Io (lawful) and The Lady (neutral).
 You started out neutral.
 You were right-handed.
 You were in Sokoban, on level 8.
 You entered the dungeon 12736 turns ago.
 You had 1270 experience points, 10 more were needed to attain level 8.

Basics:
 You had 0 out of 50 hit points.
 You had all 37 energy points (spell power).
 Your armor class was -5.
 Your wallet contained 446 zorkmids.
 Autopickup was off.

Final Characteristics:
 Your strength was 18/05 (limit:18/100).
 Your dexterity was 15 (limit:18).
 Your constitution was 16 (limit:18).
 Your intelligence was 13 (limit:18).
 Your wisdom was 8 (limit:18).
 Your charisma was 18 (limit:18).

Final Status:
 You weren't hungry.
 You were burdened; movement was slightly slowed.
 You were empty handed.
 You were skilled in bare handed combat.

Final Attributes:
 You were piously aligned.
 You were level-drain resistant.
 You were telepathic.
 You were guarded.
 Your spell casting was impaired by metallic armor, mitigated by your robe.
 You couldn't change from your current form.
 You are dead.

Miscellaneous:
 You didn't encounter any bones levels.
 Total elapsed playing time was 58 minutes and 30 seconds.

Major events:
 Turn
    1: DiePARTEI the neutral male human Tourist entered the dungeon
 2395: entered the Gnomish Mines
 2395: attained the rank of Sightseer (level 3)
 4892: was bestowed with Sting by Offler
 5893: was bestowed with Trollsbane by Offler
 7664: attained the rank of Excursionist (level 6)
 9401: was bestowed with Ogresmasher by Offler
12631: entered Sokoban
12736: killed by a mumak

Spells:
 Name                 Level Category     Fail Retention
 slow monster           2   enchantment  100%   26%-50%
 light                  1   divination    92%   26%-50%
 sleep                  3   enchantment  100%   26%-50%
 stone to flesh         3   healing      100%  76%-100%
 healing                1   healing       99%  76%-100%

Skills:
 Fighting Skills
   bare handed combat [Skilled]
   two weapon combat  [Unskilled]
   riding             [Unskilled]
 Weapon Skills
   dagger             [Unskilled]
   knife              [Unskilled]
   axe                [Unskilled]
   pick-axe           [Unskilled]
   short sword        [Unskilled]
   broadsword         [Unskilled]
   long sword         [Unskilled]
   two-handed sword   [Unskilled]
   saber              [Unskilled]
   mace               [Unskilled]
   morning star       [Unskilled]
   flail              [Unskilled]
   hammer             [Unskilled]
   quarterstaff       [Unskilled]
   polearms           [Unskilled]
   spear              [Unskilled]
   trident            [Unskilled]
   lance              [Unskilled]
   bow                [Unskilled]
   sling              [Unskilled]
   crossbow           [Unskilled]
   dart               [Basic]
   shuriken           [Unskilled]
   boomerang          [Unskilled]
   whip               [Unskilled]
   unicorn horn       [Unskilled]
 Spellcasting Skills
   divination spells  [Unskilled]
   enchantment spells [Unskilled]
   escape spells      [Unskilled]

Voluntary challenges:
 Character rerolling was not enabled.
 You never hit with a wielded weapon.
 You never genocided any monsters.
 You never polymorphed an object.
 You never changed form.
 You used no wishes.
 You did not violate any of the special Sokoban rules.
Achievements:
 You entered the Gnomish Mines.
 You attained the rank of Sightseer.
 You attained the rank of Excursionist.
 You entered Sokoban.

 The Dungeons of Doom: levels 1 to 9
    Level 1:
       An altar to Offler, many fountains, a sink.
    Level 2:
    Level 3:
    Level 4:
       Some fountains.
       Stairs down to The Gnomish Mines.
    Level 5:
       A fountain.
    Level 6:
    Level 7:
       A sink.
    Level 8:
       Many fountains.
       Oracle of Delphi.
    Level 9:
       A grave.
       Stairs up to Sokoban, level 8.
 The Gnomish Mines:
    Level 5:
 Sokoban:
    Level 8: <- You were here.
       Unsolved.
       Final resting place for
          you, killed by a mumak.


Vanquished creatures:
  a dwarf ruler
  a panther
  a lizard
  a raven
 10 bugbears
  a fog cloud
  3 shriekers
  4 gnome leaders
  a gnomish wizard
  a kobold mummy
  a gray ooze
  a little dog
  2 floating eyes
  a dwarf
  a homunculus
  a kobold leader
  a hill orc
  3 giant bats
  5 orc zombies
  4 dwarf zombies
  2 werejackals
  4 iguanas
  6 acid blobs
  4 coyotes
  3 gas spores
  5 hobbits
 15 manes
  6 large kobolds
 21 hobgoblins
  9 giant rats
  2 cave spiders
  4 brown molds
  4 yellow molds
  2 green molds
  3 red molds
  9 gnomes
 12 garter snakes
  2 gnome zombies
 12 geckos
 34 jackals
  2 foxes
  5 kobolds
 14 goblins
  6 sewer rats
  7 grid bugs
  5 bats
 18 lichens
  3 kobold zombies
 18 newts
281 creatures vanquished.

No species were genocided or became extinct.

Game over:
                       ----------
                      /          \
                     /    REST    \
                    /      IN      \
                   /     PEACE      \
                  /                  \
                  |    DiePARTEI     |
                  |      446 Au      |
                  |   killed by a    |
                  |      mumak       |
                  |                  |
                  |                  |
                  |       2026       |
                 *|     *  *  *      | *
        _________)/\\_//(\/(/\)/\//\/|_)_______

Aloha DiePARTEI the Tourist...

You died in Sokoban on dungeon level 8 with 5850 points,
and 446 pieces of gold, after 12736 moves.
You were level 7 with a maximum of 50 hit points when you died.

